 Dungeon Crawl Stone Soup version 0.17.2-1-ge4368a0 (webtiles) character file.

35 Goblin1989 the Changer (level 3, -3/17 HPs)
             Began as a Spriggan Transmuter on Sept 28, 2016.
             Was a Follower of Yredelemnul.
             Slain by a river rat (8 damage)
             ... on level 3 of the Dungeon.
             The game lasted 00:09:28 (2327 turns).

Goblin1989 the Changer (Spriggan Transmuter)        Turns: 2327, Time: 00:09:29

Health: -3/17      AC:  2    Str:  6    XL:     3   Next: 16%
Magic:  3/8        EV: 19    Int: 14    God:    Yredelemnul [*.....]
Gold:   82         SH:  0    Dex: 17    Spells: 2 memorised, 5 levels left

rFire  . . .     SeeInvis +       - Unarmed
rCold  . . .     Clarity  .     b - +0 robe
rNeg   . . .     SustAt   .     (shield restricted)
rPois  .         Gourm    .     (helmet restricted)
rElec  .         Spirit   .     (no cloak)
rCorr  +         Warding  .     (gloves unavailable)
rMut   .         Stasis   .     (boots unavailable)
MR     .....                    g - amulet of resist corrosion
Stlth  ++........               m - +1 ring of evasion
                                x - ring of stealth

@: very quick, not resistant to hostile enchantments, unstealthy
A: unfitting armour, see invisible, herbivore 3, speed 3, slow metabolism 2
a: Animate Remains, Renounce Religion


You were on level 3 of the Dungeon.
You worshipped Yredelemnul.
Yredelemnul was aware of your devotion.
You were not hungry.

You visited 1 branch of the dungeon, and saw 3 of its levels.

You collected 82 gold pieces.

Inventory:

Missiles
 a - 36 arrows
Armour
 b - a +0 robe (worn)
Magical Staves
 n - an uncursed staff of death {unknown}
Jewellery
 g - an amulet of resist corrosion (around neck)
 m - a +1 ring of evasion (right hand)
 x - a ring of stealth (left hand)
Potions
 e - a potion of berserk rage {unknown}
 f - a potion of curing {unknown}
 h - a potion of haste {unknown}
 i - a potion of resistance {unknown}
 k - a potion of poison {!q}
 l - a potion of agility {unknown}
Books
 c - a book of Changes

   Spells                             Type                      Level
   a - Beastly Appendage              Transmutation                1
   b - Sticks to Snakes               Transmutation                2
   c - Spider Form                    Transmutation/Poison         3
   d - Ice Form                       Ice/Transmutation            4
   e - Blade Hands                    Transmutation                5
Comestibles
 d - 3 bread rations
 j - 4 fruits


   Skills:
 - Level 0.7 Fighting
 - Level 3.0 Dodging
 * Level 2.9 Unarmed Combat
 * Level 3.3 Spellcasting
 + Level 3.5 Transmutations


You had 5 spell levels left.
You knew the following spells:

 Your Spells              Type           Power        Failure   Level  Hunger
a - Beastly Appendage     Trmt           ##....       6%          1    #......
b - Sticks to Snakes      Trmt           ##........   10%         2    ##.....


Dungeon Overview and Level Annotations

Branches:
Dungeon (3/15)

Altars:
Dithmenos
Yredelemnul
Jiyva

Portals:
Sewer: D:3

Annotations:
D:1 exclusion: 4 jellies


Innate Abilities, Weirdness & Mutations

You are tiny and cannot use many weapons and most armour.
You have supernaturally acute eyesight.
You are a herbivore.
You cover ground extremely quickly.
You need consume almost no food.


Message History

Your ball python bites the river rat but does no damage.
Your ball python grabs the river rat.
Your ball python constricts the river rat.
The river rat barely misses you.
A hound comes into view.
Your ball python bites the river rat.
Your ball python constricts the river rat.
The river rat bites your ball python!
Your ball python dies!
Casting: Sticks to Snakes
Confirm with . or Enter, or press ? or * to list all spells.
You create a snake!
The hound bites your ball python.
Your ball python dies!
Unknown command.
You enter the shallow water.
Moving in this stuff is going to be slow.
The river rat barely misses you. The river rat bites you!
You die...
Your body rises from the dead as a mindless zombie. ਜਜਜਜਜਜਜਜ

ਜਜਜ ਜ∩≈†≈≈.ਜ ਜ..
ਜ≈≈@≈..ਜ ਜਜਜਜਜਜਜਜਜ.ਜ
ਜ≈≈≈r.hਜਜਜ.........ਜ
ਜ≈≈≈.....†......ਜਜਜ.
ਜ≈.....ਜਜਜ.ਜਜਜਜ.ਜਜ.ਜ
ਜਜਜ.ਜਜ.ਜ ਜ.ਜ ਜ.ਜ†ਜਜ
ਜ.....ਜਜਜ.ਜਜਜਜ.(ਜਜਜ
ਜ.ਜਜਜਜ.......ਜ.....
ਜ. ਜ.ਜਜ.ਜਜ.ਜ..ਜਜਜ ਜ.
ਜ.ਜ... .ਜ.ਜ. ਜ


You could see a hound and a river rat.

Vanquished Creatures
  A worm (D:2)
  5 bats
  5 hobgoblins
  7 kobolds
  2 ball pythons (D:3)
  A giant cockroach (D:3)
  2 giant geckos
  3 giant newts
  4 goblins
  3 rats
33 creatures vanquished.

Vanquished Creatures (collateral kills)
  A ball python (D:3)
1 creature vanquished.

Vanquished Creatures (others)
  A plant (D:2)
1 creature vanquished.

Grand Total: 35 creatures vanquished

Notes
Turn   | Place    | Note
--------------------------------------------------------------
     0 | D:1      | Goblin1989 the Spriggan Transmuter began the quest for the Orb.
     0 | D:1      | Reached XP level 1. HP: 9/9 MP: 5/5
   473 | D:1      | Found a viscous altar of Jiyva.
   473 | D:1      | Noticed a jelly
   473 | D:1      | Noticed a jelly
   473 | D:1      | Noticed a jelly
   473 | D:1      | Noticed a jelly
   483 | D:1      | Noticed a jelly
   483 | D:1      | Noticed a jelly
   483 | D:1      | Noticed a jelly
   618 | D:1      | Reached XP level 2. HP: 14/14 MP: 6/6
   679 | D:1      | Learned a level 2 spell: Sticks to Snakes
  1035 | D:2      | Found a shadowy altar of Dithmenos.
  1970 | D:2      | Reached XP level 3. HP: 15/17 MP: 8/8
  2194 | D:3      | Found a faded altar to an unknown god.
  2203 | D:3      | Became a worshipper of Yredelemnul the Dark
  2203 | D:3      | Reached * piety under Yredelemnul
  2314 | D:3      | Found a glowing drain.
  2327 | D:3      | Slain by a river rat

Action                   || total
-------------------------++-------
Melee: Unarmed           ||   118
 Cast: Beastly Appendage ||     6
       Sticks to Snakes  ||     8
  Use: Scroll            ||     3
 Stab: Sleeping          ||     7
       Distracted        ||     1

Vault maps used:
D:1:      erik_arrival_cave_to_civilisation
D:2:      nicolae_dithmenos_shadow_blocks, serial_forest,
          infiniplex_forest_clump_double, infiniplex_forest_split,
          infiniplex_forest_lined_corner, infiniplex_forest_lined_room_,
          infiniplex_forest_clump_small, infiniplex_forest_straight_2,
          infiniplex_forest_clump_cross, infiniplex_forest_lined_room_,
          infiniplex_forest_end_2, infiniplex_forest_clump_large
D:3:      forest_paths, portal_sewer_entry_b, first_bread, ecumenical_altar_1,
          minmay_surrounded, uniq_robin, uniq_natasha, uniq_crazy_yiuf_cottage,
          uniq_grinder
